 Dungeon Crawl Stone Soup version 0.24.0-28-g17ded55e90 (webtiles) character file.

Game seed: 6211913444179699985, levelgen mode: deterministic

14653 Kobob the Grappler (level 11, -3/101 HPs)
             Began as a Troll Fighter on Nov 9, 2019.
             Was the Champion of Okawaru.
             Slain by a seven-headed hydra (8 damage)
             ... on level 10 of the Dungeon on Nov 12, 2019.
             The game lasted 01:02:30 (12017 turns).

Kobob the Grappler (Troll Fighter)                 Turns: 12017, Time: 01:02:30

Health: -3/101     AC:  9    Str: 29    XL:     11   Next: 91%
Magic:  11/11      EV: 12    Int:  7    God:    Okawaru [******]
Gold:   815        SH:  0    Dex:  9    Spells: 10/10 levels left

rFire    . . .     SeeInvis .   I - +2 halberd (flame)
rCold    . . .     Gourm    +   (shield currently unavailable)
rNeg     + . .     Faith    .   J - +0 steam dragon scales
rPois    .         Spirit   .   (helmet restricted)
rElec    .         Reflect  .   (no cloak)
rCorr    .         Harm     .   (gloves unavailable)
MR       +....                  (boots unavailable)
Stlth    ++........             F - amulet of Yrgheo Vuru {Gourm rN+ Int+3}
HPRegen  0.66/turn              f - ring of protection from magic
MPRegen  0.12/turn              z - +1 ring of slaying

@: no status effects
A: large, unfitting armour, claws 3, fast metabolism 3, gourmand, regeneration
1, shaggy fur 1, tough skin 3
a: Heroism, Finesse, Renounce Religion


You were on level 10 of the Dungeon.
You worshipped Okawaru.
Okawaru was exalted by your worship.
You were not hungry.

You visited 2 branches of the dungeon, and saw 12 of its levels.
You also visited: Ossuary and Bailey.

You collected 815 gold pieces.

Inventory:

Hand Weapons
 a - a +2 hunting sling of freezing
 I - a +2 halberd of flaming (weapon)
 N - a +2 executioner's axe of chopping
Missiles
 k - 130 stones (quivered)
 L - 5 silver javelins
Armour
 b - a +0 shield
 A - the +1 robe "Guqakuxt" {rN++ Str-2 Int+2}
   (You found it on level 7 of the Dungeon)

   It affects your strength (-2).
   It affects your intelligence (+2).
   It greatly protects you from negative energy.
 J - +0 steam dragon scales (worn)
Jewellery
 f - a ring of protection from magic (left claw)
 h - an uncursed ring of protection from magic
 m - an uncursed ring of protection from fire
 z - a +1 ring of slaying (right claw)
 B - an uncursed ring of ice
 F - the amulet of Yrgheo Vuru (around neck) {Gourm rN+ Int+3}
   (You found it on level 9 of the Dungeon)

   [amulet of the gourmand]

   It allows you to eat raw meat even when not hungry.
   It affects your intelligence (+3).
   It protects you from negative energy.
 G - an uncursed ring of protection from cold
 O - an uncursed amulet of the gourmand
Wands
 l - a wand of paralysis (21)
 r - a wand of iceblast (13)
 u - a wand of enslavement (6)
 y - a wand of digging (4)
 E - a wand of clouds (4)
Scrolls
 j - 5 scrolls of remove curse
 s - 2 scrolls of teleportation
 v - a scroll of magic mapping
 w - a scroll of random uselessness
 C - a scroll of fog
 H - a scroll of amnesia
 K - 2 scrolls of identify
Potions
 c - a potion of might
 e - 2 potions of curing
 g - 2 potions of lignification
 i - a potion of haste
 o - 2 potions of flight
 p - a potion of agility {unknown}
 q - 3 potions of cancellation
 t - 3 potions of ambrosia
 x - a potion of magic
Comestibles
 d - 25 rations


   Skills:
 + Level 4.3 Fighting
 + Level 0.2 Polearms
 + Level 6.0 Throwing
 + Level 5.6 Dodging
 - Level 1.6 Stealth
 * Level 6.7 Shields
 * Level 13.8 Unarmed Combat
 * Level 2.6 Invocations
 - Level 0.1 Evocations


You had 10 spell levels left.
You didn't know any spells.
Your spell library contained the following spells:

 Spells                   Type           Power        Failure   Level  Hunger
 Animate Skeleton         Necr           N/A          43%         1    ##.....
 Apportation              Tloc           #.....       43%         1    ##.....
 Confusing Touch          Hex            #.....       43%         1    ##.....
 Magic Dart               Conj           #...         43%         1    ##.....
 Summon Small Mammal      Summ           #...         43%         1    ##.....
 Blink                    Tloc           N/A          56%         2    ###....
 Call Imp                 Summ           #.......     56%         2    ###....
 Slow                     Hex            #.......     56%         2    ###....
 Conjure Flame            Conj/Fire      #.......     80%         3    ####...
 Mephitic Cloud           Conj/Pois/Air  #.......     80%         3    ####...


Dungeon Overview and Level Annotations

Branches:
Dungeon (11/15)            Temple (0/1) D:6            Lair (1/6) D:9
    Orc (0/2) D:11        Ossuary (visited)          Bailey (visited)

Altars:
Ashenzari
Cheibriados
Dithmenos
Elyvilon
Gozag
Makhleb
Nemelex Xobeh
Okawaru
Qazlal
Ru
Sif Muna
Vehumet
Wu Jian
Zin
The Shining One

Shops:
D:7 [

Portals:
Trove: D:11 (give 16 scrolls of teleportation)

Annotations:
D:10 exclusion: orange crystal statue


Innate Abilities, Weirdness & Mutations

You are too large for most types of armour.
You have claws for hands.
Your metabolism is lightning-fast.
You like to eat raw meat.
Your natural rate of healing is unusually fast.
You are covered in fur. (AC +1)
You have extremely tough skin. (AC +3)


Message History

The iceblast engulfs the eight-headed hydra!!
The eight-headed hydra is moderately wounded.
You lop one of the eight-headed hydra's heads off!
The flame cauterises the wound!
You hit the seven-headed hydra. You burn the seven-headed hydra.
The seven-headed hydra is moderately wounded.
The seven-headed hydra bites you but does no damage.
The seven-headed hydra bites you! The seven-headed hydra bites you.
The seven-headed hydra barely misses you.
The seven-headed hydra bites you. The seven-headed hydra bites you!
The seven-headed hydra bites you. x2
* * * LOW HITPOINT WARNING * * *
The seven-headed hydra bites you!
* * * LOW HITPOINT WARNING * * *
The seven-headed hydra bites you.
* * * LOW HITPOINT WARNING * * *
The seven-headed hydra bites you!
* * * LOW HITPOINT WARNING * * *
The seven-headed hydra bites you!
You die...

#................## #....
#.#####...........# #....
#>#####......##.### #....
#....##......##.# #.###
#.##.##.#######.# ###.#
#.##.##.# #####.###...###
#.......# #..............
####.######.#####.#.#.###
#....@.#.#####.#.#.###
#..###D#.##......#.#..
#..# #.#.##.##.###.#.#
##.###......##.# #....
#.....#.......#####..
################.##..
##..).)) #....≈≈≈
##...≈##


You could see a seven-headed hydra.

Vanquished Creatures
  2 two-headed ogres
  Nergalle (D:10)
  A cyclops (D:11)
  An ice statue (D:10)
  A black mamba (Lair:1)
  A kobold demonologist (D:11)
  3 komodo dragons
  A tengu conjurer (D:10)
  3 hippogriffs
  16 yaks
  A basilisk (D:9)
  2 hogs
  4 wyverns
  A steam dragon (D:9)
  A human (D:6)
  2 hungry ghosts
  11 orc warriors
  An ice beast (D:4)
  3 sky beasts
  5 ogres
  A black bear (D:7)
  2 necrophages (D:7)
  5 centaurs (D:11)
  3 phantoms
  4 bullfrogs
  A big kobold (D:9)
  A gnoll sergeant (D:7)
  A wyvern zombie (D:10)
  A scorpion (D:10)
  A water moccasin skeleton (D:4)
  21 killer bees
  5 wights (D:8)
  An electric eel (D:8)
  5 howler monkeys
  3 bullfrog zombies
  A centaur zombie (D:7)
  3 crimson imps
  5 hounds
  5 jellies
  5 orc priests
  A centaur skeleton (D:5)
  2 bullfrog skeletons
  3 iguanas
  Natasha (D:2)
  5 orc wizards
  5 worker ants
  A big kobold zombie (Ossuary)
  A hound skeleton (D:10)
  8 mummies (Ossuary)
  A worker ant zombie (D:5)
  10 gnolls
  10 adders
  2 shadow imps
  A worm zombie (D:6)
  2 adder skeletons
  2 adder zombies
  A worm (D:2)
  2 dart slugs
  5 leopard geckos
  47 orcs
  7 giant cockroaches
  3 gnoll zombies
  10 goblins
  13 hobgoblins
  15 jackals
  5 quokkas
  2 ball pythons
  9 bats
  A frilled lizard (D:1)
  2 hobgoblin zombies (Ossuary)
  2 jackal zombies (D:6)
  10 kobolds
  2 kobold zombies (Ossuary)
  An orc zombie (Ossuary)
  A quokka skeleton (D:7)
  A quokka zombie (D:6)
  6 rats
335 creatures vanquished.

Vanquished Creatures (others)
  A leopard gecko (D:9)
1 creature vanquished.

Grand Total: 336 creatures vanquished

Notes
Turn   | Place    | Note
-------+----------+-------------------------------------------
     0 | D:1      | Kobob the Troll Fighter began the quest for the Orb.
     0 | D:1      | Reached XP level 1. HP: 22/22 MP: 0/0
   134 | D:1      | Reached XP level 2. HP: 29/29 MP: 1/1
   766 | D:2      | Reached XP level 3. HP: 36/36 MP: 2/2
   771 | D:2      | Reached skill level 3 in Unarmed Combat
   964 | D:2      | Reached XP level 4. HP: 39/44 MP: 3/3
  1379 | D:2      | Found a stormy altar of Qazlal.
  1379 | D:2      | Found a sacrificial altar of Ru.
  1542 | D:2      | Noticed Natasha
  1546 | D:2      | Killed Natasha
  1605 | D:2      | Reached skill level 4 in Unarmed Combat
  1609 | D:2      | Reached XP level 5. HP: 43/50 MP: 4/4
  1821 | D:3      | Found an opulent altar of Gozag.
  2236 | D:4      | Found a shattered altar of Ashenzari.
  2291 | D:4      | Noticed a phantom
  2316 | D:4      | Killed a phantom
  2316 | D:4      | Reached skill level 5 in Unarmed Combat
  2316 | D:4      | Reached XP level 6. HP: 49/59 MP: 5/5
  2398 | D:4      | Found an iron altar of Okawaru.
  2406 | D:4      | Became a worshipper of Warmaster Okawaru
  2726 | D:4      | Reached skill level 1 in Throwing
  2906 | D:4      | Found an ornate altar of the Wu Jian Council.
  2955 | D:5      | Entered Level 5 of the Dungeon
  3289 | D:5      | Reached XP level 7. HP: 66/66 MP: 6/6
  3346 | D:5      | Reached skill level 6 in Unarmed Combat
  3365 | D:4      | Reached * piety under Okawaru
  3846 | D:6      | Found a sand-covered staircase.
  3857 | Ossuary  | Entered an ossuary
  3933 | Ossuary  | Reached skill level 7 in Unarmed Combat
  4279 | D:6      | Reached ** piety under Okawaru
  4279 | D:6      | Reached XP level 8. HP: 51/75 MP: 7/7
  4350 | D:6      | Found a staircase to the Ecumenical Temple.
  4479 | D:6      | Found a burning altar of Makhleb.
  4479 | D:6      | Found a glowing silver altar of Zin.
  4480 | D:6      | Noticed an angel
  4480 | D:6      | Noticed a blizzard demon
  4525 | D:6      | Found a white marble altar of Elyvilon.
  4840 | D:7      | Noticed a hippogriff
  4855 | D:7      | Killed a hippogriff
  4954 | D:6      | Reached skill level 8 in Unarmed Combat
  5044 | D:7      | Reached skill level 9 in Unarmed Combat
  5044 | D:7      | Reached XP level 9. HP: 52/83 MP: 8/8
  5124 | D:7      | Reached *** piety under Okawaru
  5158 | D:7      | Got a brightly glowing robe
  5183 | D:7      | Identified the +1 robe "Guqakuxt" {rN++ Str-2 Int+2} (You
                  | found it on level 7 of the Dungeon)
  5383 | D:7      | Found Lenigg's Antique Armour Shoppe.
  5623 | D:7      | Reached skill level 10 in Unarmed Combat
  5695 | D:7      | Noticed a two-headed ogre
  5854 | D:6      | Killed a two-headed ogre
  5854 | D:6      | Reached **** piety under Okawaru
  6145 | D:7      | Reached skill level 11 in Unarmed Combat
  6226 | D:7      | Reached XP level 10. HP: 92/92 MP: 9/9
  6231 | D:7      | Reached skill level 1 in Stealth
  6955 | D:8      | Found a snail-covered altar of Cheibriados.
  7051 | D:8      | Found a shadowy altar of Dithmenos.
  7234 | D:8      | Reached ***** piety under Okawaru
  7241 | D:8      | Reached skill level 5 in Shields
  7416 | D:8      | Found a glowing golden altar of the Shining One.
  7645 | D:9      | Found a sparkling altar of Nemelex Xobeh.
  7661 | D:9      | Noticed a two-headed ogre
  7670 | D:9      | Killed a two-headed ogre
  7670 | D:9      | Reached skill level 12 in Unarmed Combat
  7838 | D:9      | Reached skill level 5 in Throwing
  7849 | D:9      | Got a translucent lead amulet
  7968 | D:9      | Received a gift from Okawaru
  7978 | D:9      | Found a radiant altar of Vehumet.
  8097 | D:9      | Found a shimmering blue altar of Sif Muna.
  8234 | D:9      | Reached skill level 5 in Dodging
  8284 | D:9      | Received a gift from Okawaru
  8402 | D:9      | Reached XP level 11. HP: 21/100 MP: 7/10
  8561 | D:9      | Found a staircase to the Lair.
  8753 | D:9      | Identified the amulet of Yrgheo Vuru {Gourm rN+ Int+3} (You
                  | found it on level 9 of the Dungeon)
  8975 | Lair:1   | Entered Level 1 of the Lair of Beasts
  9082 | Lair:1   | Noticed an eight-headed hydra
  9169 | D:10     | Entered Level 10 of the Dungeon
  9198 | D:10     | Received a gift from Okawaru
  9455 | D:10     | Found a flagged portal.
  9463 | Bailey   | Entered a bailey
 10085 | D:10     | Noticed an orange crystal statue
 10100 | D:10     | Noticed a centaur warrior
 10226 | D:10     | Reached skill level 13 in Unarmed Combat
 10428 | D:10     | Noticed Nergalle
 10438 | D:10     | Killed Nergalle
 10438 | D:10     | Reached skill level 1 in Invocations
 10911 | D:10     | Upgraded the game from 0.24.0-13-gcf9b3192b9 to
                  | 0.24.0-28-g17ded55e90
 11324 | D:11     | Found a staircase to the Orcish Mines.
 11402 | D:11     | Noticed an eight-headed hydra
 11473 | D:10     | Identified a scroll of acquirement
 11626 | D:11     | Reached ****** piety under Okawaru
 11626 | D:11     | Received a gift from Okawaru
 11648 | D:11     | Noticed a sun demon
 11648 | D:11     | Found a portal to a secret trove of treasure.
 11766 | D:11     | Noticed a purple ugly thing
 12017 | D:10     | HP: 5/101 [seven-headed hydra (12)]
 12017 | D:10     | Slain by a seven-headed hydra

Levels and vault maps discovered:
D:1:      shiori_arrival_maze, layout_basic, grunt_decor_clamped,
          hangedman_feature_mirror
D:2:      layout_basic, gammafunk_temple_overflow_statue,
          kennysheep_generic_room_4, uniq_natasha
D:3:      layout_rooms, overflow_temple_1_default
D:4:      layout_loops_corners, nicolae_overflow_hidden_temple,
          nicolae_overflow_crystal_walls, okawaru_trees_1
D:5:      layout_loops_ring, first_ration, kennysheep_generic_room_7
D:6:      layout_basic, grunt_temple_overflow_order_and_chaos_2,
          elyvilon_altar_4, minmay_temple_entry_poolview, enter_ossuary_3
D:7:      kennysheep_windowed_halls, layout_rooms, serial_shops, shop,
          grunt_livestock, grunt_ministairs_10
D:8:      layout_basic, tso_altar, grunt_dithmenos_shadows, cheibriados_altar_1,
          dk_noncrumbling_3
D:9:      layout_loops_ring, kennysheep_mini, fiery_altar_vehumet,
          erik_lair_dragon, basic_altar
D:10:     minmay_separated_statues, layout_loops_cross, enter_bailey_3,
          uniq_nergalle
D:11:     layout_loops_ring, orc_0_dummy, serial_rivers,
          chequers_serial_rivers_micro_d, chequers_serial_rivers_micro_d,
          chequers_serial_rivers_small_b, chequers_serial_rivers_small_b,
          chequers_serial_rivers_micro_d, nicolae_trove_entry_columns
Lair:1:   layout_concentric_octagons

Skill      XL: |  1  2  3  4  5  6  7  8  9 10 11 |
---------------+----------------------------------+-----
Unarmed Combat | 3 4 5 7 9 11 12 13 | 13.8
Dodging        | 3 4 5 |  5.6
Shields        | 3 4 6 |  6.7
Throwing       | 1 2 3 4 5 6 |  6.0
Fighting       | 3 4 |  4.3
Stealth        | 1 |  1.6
Invocations    | 2 |  2.6
Polearms       | |  0.2
Evocations     | |  0.1

Action                   |  1- 3 |  4- 6 |  7- 9 | 10-12 || total
-------------------------+-------+-------+-------+-------++-------
Melee: Unarmed           |    84 |   125 |   279 |   435 ||   923
       Halberd           |       |       |       |    34 ||    34
Throw: Stone             |     5 |    37 |    99 |   167 ||   308
       Large rock        |       |    15 |    18 |    77 ||   110
Invok: Heroism           |       |       |       |     7 ||     7
Evoke: Wand              |       |       |     1 |     6 ||     7
  Use: Scroll            |       |     4 |    10 |    12 ||    26
       Potion            |       |       |       |     8 ||     8
 Stab: Sleeping          |       |       |       |     4 ||     4
  Eat: Chunk             |    14 |    22 |    33 |    54 ||   123
Armor: Robe              |    21 |    44 |    46 |    16 ||   127
       Steam dragon scal |       |       |       |   112 ||   112
Dodge: Dodged            |    18 |    29 |    60 |   236 ||   343
Block: Shield            |    26 |    46 |   103 |   213 ||   388
